 Dungeon Crawl Stone Soup version 0.22.1-2-g9c5b331 (webtiles) character file.

2173 pista the Carver (level 9, 0/79 HPs)
             Began as a Hill Orc Fighter on Dec 5, 2018.
             Slain by a killer bee (2 damage)
             ... on level 7 of the Dungeon.
             The game lasted 00:14:23 (5632 turns).

pista the Carver (Hill Orc Fighter)                 Turns: 5632, Time: 00:14:24

Health: 0/79       AC: 16    Str: 27    XL:     9   Next: 32%
Magic:  9/9        EV:  3    Int: 11    God:
Gold:   284        SH: 15    Dex: 10    Spells: 8/8 levels left

rFire    . . .     SeeInvis .   i - +11 falchion "Teosory" {slice, MR+ Int+3}
rCold    . . .     Gourm    .   s - +0 large shield
rNeg     . . .     Faith    .   y - +0 plate armour
rPois    .         Spirit   .   x - +0 helmet
rElec    .         Reflect  .   z - +1 cloak
rCorr    .         Harm     .   (no gloves)
MR       +....                  (no boots)
Stlth    ..........             (no amulet)
HPRegen  0.23/turn              (no ring)
MPRegen  0.11/turn              (no ring)

@: mighty, lethally poisoned (0 -> -13)
A: no striking features
a: no special abilities


You were on level 7 of the Dungeon.
You were not hungry.

You visited 1 branch of the dungeon, and saw 7 of its levels.

You collected 284 gold pieces.

Inventory:

Hand Weapons
 a - a +0 war axe
 i - the +11 falchion "Teosory" (weapon) {slice, MR+ Int+3}
   (You found it on level 1 of the Dungeon)

   It inflicts extra damage upon your enemies.
   It affects your intelligence (+3).
   It affects your resistance to hostile enchantments.
Armour
 b - a +0 scale mail
 c - a +0 shield
 s - a +0 large shield (worn)
 w - a +0 chain mail
 x - a +0 helmet (worn)
 y - a +0 plate armour (worn)
 z - a +1 cloak (worn)
Wands
 v - a wand of acid (8)
Scrolls
 e - 2 scrolls of fog
 g - 6 scrolls of amnesia
 k - 6 scrolls of identify
 l - 3 scrolls of remove curse
 m - 2 scrolls of enchant weapon {unknown}
 o - 2 scrolls of enchant armour
 u - 4 scrolls of teleportation {unknown}
Potions
 h - a potion of cancellation
 j - a potion of degeneration {unknown}
 n - 3 potions of heal wounds
 p - 3 potions of flight {unknown}
 q - 2 potions of haste {unknown}
 r - a potion of lignification
 t - 2 potions of curing {unknown}
Comestibles
 f - 12 rations


   Skills:
 * Level 7.2 Fighting
 * Level 10.2 Long Blades
 - Level 3.5 Axes
 + Level 6.0 Armour
 - Level 0.1 Dodging
 - Level 0.4 Stealth
 - Level 3.6 Shields


You had 8 spell levels left.
You didn't know any spells.
Your spell library was empty.

Dungeon Overview and Level Annotations

Branches:
Dungeon (7/15)
 Temple: D:4-7

Altars:
Dithmenos
Hepliaklqana
Qazlal
Sif Muna
Uskayaw
Xom
Yredelemnul

Shops:
D:4 [%%*?   D:5 [


Message History

The killer bee stings you but does no damage.
You see here a killer bee corpse.
You miss the killer bee.
The killer bee is lightly wounded.
* * * LOW HITPOINT WARNING * * *
You feel sick. The killer bee barely misses you.
You riposte.
You slice the killer bee!!
You kill the killer bee!
The killer bee stings you!
* * * LOW HITPOINT WARNING * * *
You miss the killer bee.
* * * LOW HITPOINT WARNING * * *
You feel sick.
The killer bee stings you but does no damage.
The killer bee stings you.
* * * LOW HITPOINT WARNING * * *
You closely miss the killer bee.
* * * LOW HITPOINT WARNING * * *
You feel sick. You block the killer bee's attack. The killer bee stings you.
You die...

#.#.#
#.#.#
#.#.#
#.#.#
#.#.# #.#
#.# . #.#
....###@#
......y.#
.########


You could see a killer bee.

Vanquished Creatures
  A two-headed ogre (D:7)
  Sigmund (D:4)
  2 sky beasts (D:5)
  A phantom (D:6)
  2 ogres
  Blork the orc (D:4)
  A bullfrog (D:6)
  A scorpion (D:6)
  3 killer bees (D:7)
  A crimson imp (D:6)
  2 bullfrog zombies
  2 hounds (D:5)
  A jelly (D:6)
  2 orc priests (D:5)
  3 orc wizards
  3 worker ants (D:4)
  Terence (D:2)
  A hound zombie (D:5)
  2 gnolls (D:1)
  10 adders
  2 shadow imps
  3 oozes
  An adder skeleton (D:5)
  4 worms
  3 dart slugs
  2 leopard geckos
  11 orcs
  A ball python (D:1)
  8 giant cockroaches
  6 goblins
  5 hobgoblins
  4 jackals (D:3)
  4 bats
  2 frilled lizards
  7 kobolds
  8 rats
112 creatures vanquished.

Vanquished Creatures (others)
  2 fungi (D:6)
2 creatures vanquished.

Grand Total: 114 creatures vanquished

Notes
Turn   | Place    | Note
-------+----------+-------------------------------------------
     0 | D:1      | pista the Hill Orc Fighter began the quest for the Orb.
     0 | D:1      | Reached XP level 1. HP: 19/19 MP: 1/1
    98 | D:1      | Reached XP level 2. HP: 26/27 MP: 2/2
   224 | D:1      | Got a translucent falchion
   330 | D:1      | Reached XP level 3. HP: 26/33 MP: 3/3
   548 | D:1      | Identified the +11 falchion "Teosory" {slice, MR+ Int+3}
                  | (You found it on level 1 of the Dungeon)
   811 | D:2      | Found a shadowy altar of Dithmenos.
   889 | D:2      | Reached XP level 4. HP: 41/41 MP: 4/4
   958 | D:2      | Noticed Terence
   961 | D:2      | Killed Terence
   961 | D:2      | Reached skill level 1 in Long Blades
  1153 | D:2      | Found a stormy altar of Qazlal.
  1525 | D:3      | Reached skill level 2 in Long Blades
  1525 | D:3      | Reached XP level 5. HP: 38/47 MP: 5/5
  1890 | D:3      | Found a shimmering altar of Xom.
  1891 | D:3      | Found a hazy altar of Hepliaklqana.
  1895 | D:3      | Noticed a spectral ugly thing
  1957 | D:3      | Found a deep blue altar of Sif Muna.
  2536 | D:4      | Noticed Sigmund
  2546 | D:4      | Killed Sigmund
  2546 | D:4      | Reached skill level 4 in Long Blades
  2546 | D:4      | Reached XP level 6. HP: 42/55 MP: 6/6
  2554 | D:4      | Found Zixy's Food Shop.
  2566 | D:4      | Reached skill level 5 in Fighting
  2611 | D:4      | Found Emimejal's Magic Scroll Shop.
  2637 | D:4      | Found Zeofuemp's Assorted Antiques.
  2647 | D:4      | Found Heniopyludd's Food Shop.
  2647 | D:4      | Noticed Blork the orc
  2655 | D:4      | Killed Blork the orc
  2682 | D:4      | Found Oroliock's Antique Armour Emporium.
  2738 | D:4      | Reached skill level 5 in Long Blades
  2738 | D:4      | Reached XP level 7. HP: 59/61 MP: 7/7
  2965 | D:5      | Entered Level 5 of the Dungeon
  3104 | D:5      | Found a hide-covered altar of Uskayaw.
  3104 | D:5      | Noticed a hand axe
  3104 | D:5      | Noticed a dagger
  3312 | D:5      | Reached skill level 6 in Long Blades
  3391 | D:5      | Reached skill level 5 in Armour
  3596 | D:5      | Found Vekhlo Xairo's Antique Armour Boutique.
  3596 | D:5      | Found a basalt altar of Yredelemnul.
  3734 | D:5      | Reached skill level 7 in Long Blades
  3734 | D:5      | Reached XP level 8. HP: 70/70 MP: 8/8
  4276 | D:6      | Reached skill level 8 in Long Blades
  5246 | D:7      | Noticed a two-headed ogre
  5254 | D:7      | Killed a two-headed ogre
  5254 | D:7      | Reached skill level 10 in Long Blades
  5254 | D:7      | Reached XP level 9. HP: 27/79 MP: 9/9
  5632 | D:7      | HP: 2/79 [poisoned by a killer bee]
  5632 | D:7      | Slain by a killer bee

Skill      XL: |  1  2  3  4  5  6  7  8  9 |
---------------+----------------------------+-----
Axes           | 3 |  3.5
Fighting       | 4 5 7 |  7.2
Long Blades    | 2 4 5 7 10 | 10.2
Armour         | 4 5 6 |  6.0
Dodging        | |  0.1
Stealth        | |  0.4
Shields        | |  3.6

Action                   |  1- 3 |  4- 6 |  7- 9 || total
-------------------------+-------+-------+-------++-------
Melee: War axe           |    52 |       |       ||    52
       Falchion          |    13 |    91 |   129 ||   233
  Use: Scroll            |       |       |     7 ||     7
       Potion            |       |       |     1 ||     1
  Eat: Chunk             |       |     6 |     9 ||    15
Armor: Scale mail        |    30 |    41 |     7 ||    78
       Chain mail        |       |       |    20 ||    20
       Plate armour      |       |       |    21 ||    21
Dodge: Dodged            |    19 |    19 |     9 ||    47
Block: Shield            |    31 |    49 |       ||    80
       Large shield      |       |       |    84 ||    84
       Rpst.: Falchion   |     1 |     5 |     3 ||     9
